ITL
CHATTANOOGA CHINPOKOMON @ PORTLAND PRIVATEERS
06/23/2030
 
TOP OF THE 1ST
Chattanooga Chinpokomon batting - Pitching for Portland Privateers : RHP Ed Calhoun
Pitching: RHP Ed Calhoun
Batting: LHB Elvin Summers 0-0: Ball
1-0: Ball
2-0: Called Strike
2-1: SINGLE (Groundball, 23) (infield hit)
Batting: RHB Ben Barker 0-0: Ball
1-0: Ball
2-0: Foul Ball, location: 2F
2-1: Ball
3-1: DOUBLE (Line Drive, 8LXD)
Elvin Summers to third
Batting: RHB Ricardo Salazar 0-0: Ball
1-0: Swinging Strike
1-1: Ball
2-1: Ball
3-1: Called Strike
3-2: Base on Balls
Batting: RHB Tom Hicks 0-0: Ball
1-0: Grounds into double play, 6-4-3 (Groundball, 6)
Elvin Summers scores
Ben Barker to third
Batting: LHB Ramiro Muñóz 0-0: Fly out, F7 (Flyball, 7S)
Top of the 1st over - 1 run, 2 hits, 0 errors, 1 left on base; Chattanooga 1 - Portland 0
BOTTOM OF THE 1ST
Portland Privateers batting - Pitching for Chattanooga Chinpokomon : RHP Juan Moreno
Pitching: RHP Juan Moreno
Batting: SHB Luis Manuel López 0-0: Called Strike
0-1: Ball
1-1: Ball
2-1: Called Strike
2-2: Ground out U3 (Groundball, 3)
Batting: RHB Chris Adams 0-0: Called Strike
0-1: Ball
1-1: Foul Ball, location: 2F
1-2: Ball
2-2: Ball
3-2: Base on Balls
Batting: RHB Felipe Rivera 0-0: Ball
1-0: Ball
2-0: Called Strike
2-1: Called Strike
2-2: Foul Ball, location: 2F
2-2: Fly out, F3 (Popup, 3S)
Batting: SHB Rodney Birling 0-0: Ball
1-0: Foul Ball, location: 2F
1-1: Ball
2-1: Ball
3-1: Base on Balls
Chris Adams to second
Batting: LHB Dillon Beck 0-0: Fly out, F9 (Flyball, 9LS)
Bottom of the 1st over - 0 runs, 0 hits, 0 errors, 2 left on base; Chattanooga 1 - Portland 0
TOP OF THE 2ND
Chattanooga Chinpokomon batting - Pitching for Portland Privateers : RHP Ed Calhoun
Batting: RHB Jesús Tisnado 0-0: Ball
1-0: Fly out, F7 (Flyball, 7LM)
Batting: SHB Roberto Rivera 0-0: Ball
1-0: Ball
2-0: Called Strike
2-1: SINGLE (Groundball, 56D)
Batting: RHB Ichizo Akiyama 0-0: Called Strike
Roberto Rivera steals 2nd base
0-1: Fly out, F8 (Flyball, 8LM)
Batting: RHB Jesús Ramírez 0-0: Swinging Strike
0-1: Ball
1-1: Fly out, F9 (Flyball, 9LS)
Top of the 2nd over - 0 runs, 1 hit, 0 errors, 1 left on base; Chattanooga 1 - Portland 0
BOTTOM OF THE 2ND
Portland Privateers batting - Pitching for Chattanooga Chinpokomon : RHP Jorge Amador
Pitching: RHP Jorge Amador
Batting: SHB Patrick Larson 0-0: Ball
1-0: Called Strike
1-1: Ball
2-1: Ball
3-1: Called Strike
3-2: Base on Balls
Batting: LHB Jeff Dorney 0-0: Ball
1-0: Ball
2-0: Called Strike
2-1: Ball
3-1: Swinging Strike
3-2: Foul Ball, location: 2F
3-2: Foul Ball, location: 2F
3-2: Grounds into double play, 6-4-3 (Groundball, 6)
Batting: LHB Yasuhiko Onodera 0-0: Ball
1-0: Called Strike
1-1: Ground out 6-3 (Groundball, 6)
Bottom of the 2nd over - 0 runs, 0 hits, 0 errors, 0 left on base; Chattanooga 1 - Portland 0
TOP OF THE 3RD
Chattanooga Chinpokomon batting - Pitching for Portland Privateers : RHP Ed Calhoun
Batting: LHB Elvin Summers 0-0: Swinging Strike
0-1: Ball
1-1: Ball
2-1: Foul Ball, location: 2F
2-2: Strikes out looking
Batting: RHB Ben Barker 0-0: Swinging Strike
0-1: DOUBLE (Line Drive, 7LD)
Batting: RHB Ricardo Salazar 0-0: Ball
1-0: Foul Ball, location: 2F
1-1: Swinging Strike
1-2: Strikes out looking
Batting: RHB Tom Hicks 0-0: Ball
1-0: Ball
2-0: Called Strike
2-1: Swinging Strike
2-2: Foul Ball, location: 2F
2-2: Foul Ball, location: 2F
2-2: Ball
3-2: Ground out 6-3 (Groundball, 6S)
Top of the 3rd over - 0 runs, 1 hit, 0 errors, 1 left on base; Chattanooga 1 - Portland 0
BOTTOM OF THE 3RD
Portland Privateers batting - Pitching for Chattanooga Chinpokomon : RHP Jorge Amador
Batting: SHB José Espinoza 0-0: Ball
1-0: Swinging Strike
1-1: Ball
2-1: Called Strike
2-2: Strikes out swinging
Batting: SHB Luis Manuel López 0-0: Called Strike
0-1: Ground out 5-3 (Groundball, 5)
Batting: RHB Chris Adams 0-0: Called Strike
0-1: Ball
1-1: Called Strike
1-2: Ball
2-2: Ball
3-2: Strikes out swinging
Bottom of the 3rd over - 0 runs, 0 hits, 0 errors, 0 left on base; Chattanooga 1 - Portland 0
TOP OF THE 4TH
Chattanooga Chinpokomon batting - Pitching for Portland Privateers : RHP Ed Calhoun
Batting: LHB Ramiro Muñóz 0-0: Ball
1-0: Called Strike
1-1: Swinging Strike
1-2: Ground out 5-3 (Groundball, 56)
Batting: RHB Jesús Tisnado 0-0: Called Strike
0-1: Foul Ball, location: 2F
0-2: Ball
1-2: Foul Ball, location: 2F
1-2: Ball
2-2: Fly out, F3 (Popup, 23F)
Batting: SHB Roberto Rivera 0-0: Ball
1-0: Foul Ball, location: 2F
1-1: Foul Ball, location: 2F
1-2: Ball
2-2: Strikes out swinging
Top of the 4th over - 0 runs, 0 hits, 0 errors, 0 left on base; Chattanooga 1 - Portland 0
BOTTOM OF THE 4TH
Portland Privateers batting - Pitching for Chattanooga Chinpokomon : RHP Jorge Amador
Batting: RHB Felipe Rivera 0-0: Called Strike
0-1: Ball
1-1: Foul Ball, location: 2F
1-2: Fly out, F8 (Flyball, 8RS)
Batting: SHB Rodney Birling 0-0: Called Strike
0-1: Called Strike
0-2: Ball
1-2: Ground out 4-3 (Groundball, 4)
Batting: LHB Dillon Beck 0-0: Ground out 4-3 (Groundball, 34)
Bottom of the 4th over - 0 runs, 0 hits, 0 errors, 0 left on base; Chattanooga 1 - Portland 0
TOP OF THE 5TH
Chattanooga Chinpokomon batting - Pitching for Portland Privateers : RHP Ed Calhoun
Batting: RHB Ichizo Akiyama 0-0: Called Strike
0-1: Foul Ball, location: 2F
0-2: Foul Ball, location: 2F
0-2: Ball
1-2: Ball
2-2: Ball
3-2: Ground out 6-3 (Groundball, 6)
Batting: RHB Jesús Ramírez 0-0: Ball
1-0: Foul Ball, location: 2F
1-1: Foul Ball, location: 2F
1-2: Strikes out swinging
Batting: LHB Elvin Summers 0-0: Fly out, F9 (Flyball, 9LM)
Top of the 5th over - 0 runs, 0 hits, 0 errors, 0 left on base; Chattanooga 1 - Portland 0
BOTTOM OF THE 5TH
Portland Privateers batting - Pitching for Chattanooga Chinpokomon : RHP Jorge Amador
Batting: SHB Patrick Larson 0-0: Called Strike
0-1: Foul Ball, location: 2F
0-2: Ground out 5-3 (Groundball, 2L)
Batting: LHB Jeff Dorney 0-0: Ball
1-0: Fly out, F9 (Flyball, 9)
Batting: LHB Yasuhiko Onodera 0-0: Called Strike
0-1: Hit by Pitch
Batting: SHB José Espinoza 0-0: Called Strike
0-1: Ball
1-1: Ball
2-1: Foul Ball, location: 2F
2-2: Ball
3-2: Base on Balls
Yasuhiko Onodera to second
Batting: SHB Luis Manuel López 0-0: Called Strike
0-1: Ball
1-1: SINGLE (Groundball, 3D)
Yasuhiko Onodera to third
José Espinoza to second
Runner from 3rd tries for Home, SAFE, no throw
Batting: RHB Chris Adams 0-0: Called Strike
0-1: Ground out 4-3 (Groundball, 34D)
Bottom of the 5th over - 1 run, 1 hit, 0 errors, 2 left on base; Chattanooga 1 - Portland 1
TOP OF THE 6TH
Chattanooga Chinpokomon batting - Pitching for Portland Privateers : RHP Ed Calhoun
Batting: RHB Ben Barker 0-0: Ball
1-0: Foul Ball, location: 2F
1-1: Ball
2-1: Fly out, F6 (Popup, 6M)
Batting: RHB Ricardo Salazar 0-0: Ball
1-0: DOUBLE (Line Drive, 9LM)
Batting: RHB Tom Hicks 0-0: Ball
1-0: Called Strike
1-1: Foul Ball, location: 2F
1-2: Ball
2-2: Fly out, F1 (Line Drive, 13)
Batting: LHB Ramiro Muñóz 0-0: DOUBLE (Line Drive, 89D)
Ricardo Salazar scores
Batting: RHB Jesús Tisnado 0-0: Called Strike
0-1: Ball
1-1: SINGLE (Groundball, 34S) (infield hit)
Ramiro Muñóz to third
Batting: SHB Roberto Rivera 0-0: Ball
1-0: Called Strike
1-1: Swinging Strike
1-2: Strikes out swinging
Top of the 6th over - 1 run, 3 hits, 0 errors, 2 left on base; Chattanooga 2 - Portland 1
BOTTOM OF THE 6TH
Portland Privateers batting - Pitching for Chattanooga Chinpokomon : RHP Jorge Amador
Batting: RHB Felipe Rivera 0-0: Ball
1-0: Foul Ball, location: 2F
1-1: Ball
2-1: Called Strike
2-2: Ball
3-2: Base on Balls
Batting: SHB Rodney Birling 0-0: Called Strike
0-1: Swinging Strike
0-2: Foul Ball, location: 2F
0-2: Ball
1-2: Strikes out swinging
Pitching: RHP Claudio Ramírez
Batting: LHB Dillon Beck 0-0: Ball
1-0: Ball
2-0: Ball
3-0: Base on Balls
Felipe Rivera to second
Batting: SHB Patrick Larson 0-0: Called Strike
0-1: Ball
1-1: Foul Ball, location: 2F
1-2: Ground out U3 (Groundball, 34S)
Felipe Rivera to third
Dillon Beck to second
Batting: LHB Jeff Dorney 0-0: Ball
1-0: Swinging Strike
1-1: Ball
2-1: Foul Ball, location: 2F
2-2: Ball
3-2: SINGLE (Line Drive, 34)
Felipe Rivera scores
Dillon Beck to third
Dillon Beck scores
Batting: LHB Yasuhiko Onodera 0-0: Called Strike
Jeff Dorney steals 2nd base
0-1: Ground out U3 (Groundball, 34)
Bottom of the 6th over - 2 runs, 1 hit, 0 errors, 1 left on base; Chattanooga 2 - Portland 3
TOP OF THE 7TH
Chattanooga Chinpokomon batting - Pitching for Portland Privateers : RHP Ed Calhoun
Pitching: RHP George Bennion
Batting: RHB Ichizo Akiyama 0-0: Ball
1-0: Called Strike
1-1: Ball
2-1: Called Strike
2-2: Ball
3-2: DOUBLE (Flyball, 8LXD)
Batting: RHB Jesús Ramírez 0-0: Foul Ball, location: 2F
0-1: Ball
1-1: Ball
2-1: Foul Ball, location: 2F
2-2: Ground out 6-3 (Groundball, 6)
Ichizo Akiyama to third
Batting: LHB Elvin Summers 0-0: Ball
1-0: Ball
2-0: Ball
3-0: Base on Balls
Batting: RHB Ben Barker 0-0: Ball
1-0: Ball
2-0: Called Strike
Elvin Summers steals 2nd base
2-1: Called Strike
2-2: Foul Ball, location: 2F
2-2: Fly out, F3 (Popup, 23F)
Batting: RHB Ricardo Salazar 0-0: Fly out, F8 (Flyball, 8RM)
Top of the 7th over - 0 runs, 1 hit, 0 errors, 2 left on base; Chattanooga 2 - Portland 3
BOTTOM OF THE 7TH
Portland Privateers batting - Pitching for Chattanooga Chinpokomon : RHP Claudio Ramírez
Batting: SHB José Espinoza 0-0: Ball
1-0: Ball
2-0: Ball
3-0: Swinging Strike
3-1: Called Strike
3-2: Base on Balls
Batting: SHB Luis Manuel López 0-0: Bunt missed!
0-1: Ball
1-1: Bunted foul
1-2: Grounds into double play, 4-6-3 (Groundball, 34)
Batting: RHB Chris Adams 0-0: Foul Ball, location: 2F
0-1: Ball
1-1: Foul Ball, location: 2F
1-2: Strikes out swinging
Bottom of the 7th over - 0 runs, 0 hits, 0 errors, 0 left on base; Chattanooga 2 - Portland 3
TOP OF THE 8TH
Chattanooga Chinpokomon batting - Pitching for Portland Privateers : RHP George Bennion
Batting: RHB Tom Hicks 0-0: Ball
1-0: Foul Ball, location: 2F
1-1: Ball
2-1: Foul Ball, location: 2F
2-2: Foul Ball, location: 2F
2-2: Ball
3-2: Fly out, F4 (Flyball, 34D)
Batting: LHB Ramiro Muñóz 0-0: SINGLE (Line Drive, 4MD)
Pitching: RHP Blaine Yarbrough
Batting: RHB Jesús Tisnado 0-0: Bunt missed!
0-1: Bunted foul
0-2: Strikes out swinging
Batting: SHB Roberto Rivera 0-0: Ball
1-0: Swinging Strike
1-1: Called Strike
1-2: Strikes out swinging
Top of the 8th over - 0 runs, 1 hit, 0 errors, 1 left on base; Chattanooga 2 - Portland 3
BOTTOM OF THE 8TH
Portland Privateers batting - Pitching for Chattanooga Chinpokomon : RHP Claudio Ramírez
Batting: RHB Felipe Rivera 0-0: Called Strike
0-1: Ball
1-1: Ball
2-1: Swinging Strike
2-2: Strikes out swinging
Batting: SHB Rodney Birling 0-0: Foul Ball, location: 2F
0-1: SINGLE (Line Drive, 34D)
Batting: LHB Dillon Beck 0-0: Foul Ball, location: 2F
0-1: Swinging Strike
0-2: Strikes out looking
Batting: SHB Patrick Larson 0-0: Swinging Strike
0-1: Called Strike
0-2: Foul Ball, location: 2F
0-2: Strikes out swinging
Bottom of the 8th over - 0 runs, 1 hit, 0 errors, 1 left on base; Chattanooga 2 - Portland 3
TOP OF THE 9TH
Chattanooga Chinpokomon batting - Pitching for Portland Privateers : RHP Blaine Yarbrough
Batting: RHB Ichizo Akiyama 0-0: Foul Ball, location: 2F
0-1: SINGLE (Groundball, 34) (infield hit)
Batting: RHB Jesús Ramírez 0-0: Bunted foul
0-1: Sac Bunt - play at first, batter OUT! 1-4
Ichizo Akiyama to second
Batting: LHB Elvin Summers 0-0: Foul Ball, location: 2F
0-1: Ball
1-1: Called Strike
1-2: DOUBLE (Line Drive, 7LD)
Ichizo Akiyama scores
Batting: RHB Ben Barker 0-0: Foul Ball, location: 2F
0-1: Ball
1-1: Fly out, F9 (Flyball, 9D)
Runner from 2nd tags up, SAFE at 3rd, no throw
Batting: RHB Ricardo Salazar 0-0: Ball
1-0: Called Strike
1-1: Ball
2-1: Swinging Strike
2-2: Strikes out swinging
Top of the 9th over - 1 run, 2 hits, 0 errors, 1 left on base; Chattanooga 3 - Portland 3
BOTTOM OF THE 9TH
Portland Privateers batting - Pitching for Chattanooga Chinpokomon : RHP Claudio Ramírez
Batting: LHB Jeff Dorney 0-0: Ball
1-0: Ball
2-0: Called Strike
2-1: Ball
3-1: Foul Ball, location: 2F
3-2: Strikes out swinging
Batting: LHB Yasuhiko Onodera 0-0: Ball
1-0: Fly out, F7 (Line Drive, 78S)
Batting: SHB José Espinoza 0-0: Ground out 4-3 (Groundball, 4S)
Bottom of the 9th over - 0 runs, 0 hits, 0 errors, 0 left on base; Chattanooga 3 - Portland 3
TOP OF THE 10TH
Chattanooga Chinpokomon batting - Pitching for Portland Privateers : RHP Blaine Yarbrough
Batting: RHB Tom Hicks 0-0: Ball
1-0: Foul Ball, location: 2F
1-1: Ball
2-1: Ball
3-1: Fly out, F9 (Line Drive, 9D)
Batting: LHB Ramiro Muñóz 0-0: Ball
1-0: Ground out 4-3 (Groundball, 4S)
Batting: RHB Jesús Tisnado 0-0: Called Strike
0-1: Ball
1-1: Foul Ball, location: 2F
1-2: Ball
2-2: Ball
3-2: Strikes out looking
Top of the 10th over - 0 runs, 0 hits, 0 errors, 0 left on base; Chattanooga 3 - Portland 3
BOTTOM OF THE 10TH
Portland Privateers batting - Pitching for Chattanooga Chinpokomon : RHP Claudio Ramírez
Batting: SHB Luis Manuel López 0-0: Called Strike
0-1: Ball
1-1: Ball
2-1: Called Strike
2-2: Strikes out looking
Pinch Hitting: LHB Arturo López 0-0: Ball
1-0: Ball
2-0: Called Strike
2-1: Reached on error, E4 (Groundball, 4M)
Pitching: LHP Bob Quested
Batting: RHB Felipe Rivera 0-0: Ball
1-0: Ball
2-0: Called Strike
2-1: 2-RUN HOME RUN (Flyball, 78XD), Distance : 406 ft
Saturday, April 7th, 2018 - OOTP Baseball 18.8 Build 76